 Dungeon Crawl Stone Soup version 0.19-a0-1008-g4c63d25 (webtiles) character file.

328 Arkorax the Chopper (level 6, -8/51 HPs)
             Began as a Demonspawn Assassin on July 22, 2016.
             Mangled by Pikel
             ... wielding a +2 whip of flaming
              (9 damage)
             ... on level 5 of the Dungeon.
             The game lasted 00:05:09 (3740 turns).

Arkorax the Chopper (Demonspawn Assassin)           Turns: 3740, Time: 00:05:09

Health: -8/51      AC:  4    Str: 14    XL:     6   Next: 25%
Magic:  0/6        EV: 10    Int: 12    God:
Gold:   163        SH:  0    Dex: 14    Spells: 0 memorised, 5 levels left

rFire  . . .     SeeInvis .     k - +0 hand axe
rCold  . . .     Gourm    .     y - +0 scale mail {rPois}
rNeg   . . .     Faith    .     (no shield)
rPois  +         Spirit   +     (no helmet)
rElec  .         Dismiss  .     d - +0 cloak
rCorr  .         Reflect  .     (no gloves)
SustAt .         Harm     .     (boots unavailable)
MR     .....                    (no amulet)
Stlth  +.........               (no ring)
                                (no ring)

@: not resistant to hostile enchantments, very unstealthy
A: claws 1, talons 3, deformed body, robust 1, screaming 1, magic shield
a: no special abilities


You were on level 5 of the Dungeon.
You were not hungry.

You visited 1 branch of the dungeon, and saw 5 of its levels.

You collected 163 gold pieces.

Inventory:

Hand Weapons
 a - a +2 dagger
 b - a +0 blowgun
 k - a +0 hand axe (weapon)
Missiles
 e - 8 poisoned needles
 f - 2 curare-tipped needles
Armour
 d - a +0 cloak (worn)
 y - a +0 scale mail of poison resistance (worn)
Scrolls
 i - a scroll of recharging {unknown}
 j - 7 scrolls of identify {unknown}
 l - a scroll of blinking {unknown}
 m - 2 scrolls of amnesia {unknown}
 s - 5 scrolls of remove curse {unknown}
 u - a scroll of teleportation {unknown}
 v - a scroll of enchant armour {unknown}
 x - a scroll of immolation {unknown}
Comestibles
 c - a royal jelly
 g - 2 bread rations
 p - 2 meat rations
 r - 2 beef jerkies


   Skills:
 + Level 3.5 Fighting
 - Level 1.7 Short Blades
 * Level 3.8 Axes
 - Level 1.7 Throwing
 + Level 1.6 Armour
 - Level 2.2 Dodging
 - Level 3.6 Stealth


You had 5 spell levels left.
You didn't know any spells.

Dungeon Overview and Level Annotations

Branches:
Dungeon (6/15)
 Temple: D:4-7

Altars:

Annotations:
D:5 Pikel


Innate Abilities, Weirdness & Mutations

You have sharp fingernails.
You have claws for feet.
When hurt, damage is shared between your health and your magic reserves.
Armour fits poorly on your strangely shaped body.
You are robust. (+10% HP)
You occasionally shout uncontrollably at your foes.


Message History

* * * LOW HITPOINT WARNING * * *
You hit Pikel. You claw Pikel.
Pikel is moderately wounded.
Pikel hits you with a whip of flaming.
* * * LOW HITPOINT WARNING * * *
Pikel burns you.
* * * LOW HITPOINT WARNING * * *
You hit Pikel. Your kick misses Pikel.
Pikel is heavily wounded.
Pikel hits you but does no damage.
You barely miss Pikel. Your kick misses Pikel.
Pikel is heavily wounded.
Pikel hits you with a whip of flaming.
* * * LOW HITPOINT WARNING * * *
Pikel burns you.
* * * LOW HITPOINT WARNING * * *
You closely miss Pikel. You claw Pikel, but do no damage.
Pikel is heavily wounded.
Pikel hits you with a whip of flaming!
You die...

#########
#......#
######.# #.#
#.# #.# #.#
#.#
#.########.#
#ppppK@..#.#
########.#.#
#.#.##
#.#..#
#.#.##
#....#
#.#### #.#
###


You could see Pikel and 4 slaves.

Vanquished Creatures
  A black bear (D:5)
  A phantom (D:5)
  Ijyb (D:3)
  5 adders (D:2)
  2 oozes
  A worm (D:2)
  A dart slug (D:2)
  An orc (D:3)
  6 bats
  4 giant cockroaches
  9 hobgoblins
  4 jackals
  3 quokkas (D:3)
  A ball python (D:3)
  6 giant newts
  8 goblins
  7 kobolds
  9 rats
70 creatures vanquished.

Notes
Turn   | Place    | Note
-------+----------+-------------------------------------------
     0 | D:1      | Arkorax the Demonspawn Assassin began the quest for the Orb.
     0 | D:1      | Reached XP level 1. HP: 16/16 MP: 1/1
    10 | D:1      | Reached skill level 1 in Dodging
   735 | D:1      | Gained mutation: When hurt, damage is shared between your health and your magic reserves. [demonic ancestry]
   735 | D:1      | Reached XP level 2. HP: 22/22 MP: 2/2
   962 | D:1      | Reached skill level 1 in Axes
  1091 | D:1      | Gained mutation: You have sharp toenails. [demonic ancestry]
  1091 | D:1      | Reached XP level 3. HP: 28/28 MP: 3/3
  1594 | D:2      | Gained mutation: You have razor-sharp toenails. [demonic ancestry]
  1594 | D:2      | Reached XP level 4. HP: 30/34 MP: 4/4
  2884 | D:3      | Noticed Ijyb
  2899 | D:3      | Killed Ijyb
  2899 | D:3      | Gained mutation: You have claws for feet. [demonic ancestry]
  2899 | D:3      | Reached XP level 5. HP: 37/41 MP: 5/5
  3095 | D:3      | You fall through a shaft for 2 floors!
  3095 | D:5      | Entered Level 5 of the Dungeon
  3095 | D:5      | Noticed a phantom
  3378 | D:6      | Noticed an orc warrior
  3397 | D:5      | Noticed a black bear
  3424 | D:5      | Killed a black bear
  3424 | D:5      | Reached skill level 1 in Armour
  3487 | D:5      | Gained mutation: You occasionally shout uncontrollably at your foes. [potion of mutation]
  3487 | D:5      | Gained mutation: You are robust. (+10% HP) [potion of mutation]
  3487 | D:5      | Gained mutation: Armour fits poorly on your strangely shaped body. [potion of mutation]
  3491 | D:5      | Killed a phantom
  3491 | D:5      | Gained mutation: You have sharp fingernails. [demonic ancestry]
  3491 | D:5      | Reached XP level 6. HP: 19/51 MP: 3/6
  3720 | D:5      | Noticed Pikel
  3720 | D:5      | Noticed a slave
  3720 | D:5      | Noticed a slave
  3726 | D:5      | Noticed a slave
  3733 | D:5      | Noticed a slave
  3739 | D:5      | HP: 2/51 [Pikel/whip of flaming (1)]
  3740 | D:5      | Mangled by Pikel

Vault maps used:
D:1:      roderic_crop_circles_arrival_small, minmay_tromino_v4_a
D:2:      first_bread
D:3:      lemuel_upstairs_altar, uniq_natasha, uniq_iyjb
D:5:      kennysheep_generic_room_4, uniq_duvessa, uniq_pikel
D:6:      grunt_ministairs_13

Skill      XL: |  1  2  3  4  5 |
---------------+----------------+-----
Dodging        | 1 2 |  2.2
Axes           | 1 2 3 |  3.8
Fighting       | 3 |  3.5
Armour         | 1 |  1.6
Short Blades   | |  1.7
Throwing       | |  1.7
Stealth        | |  3.6

Action                   |  1- 3 |  4- 6 || total
-------------------------+-------+-------++-------
Melee: Dagger            |    24 |       ||    24
       Hand axe          |   111 |   236 ||   347
       Kick              |    13 |    55 ||    68
  Use: Potion            |       |     8 ||     8
 Stab: Sleeping          |     8 |     1 ||     9
  Eat: Chunk             |     1 |     2 ||     3
       Bread ration      |     1 |       ||     1
       Meat ration       |       |     1 ||     1
Armor: Robe              |     2 |       ||     2
       Ring mail         |    51 |    43 ||    94
       Scale mail        |       |    45 ||    45
       Skin              |       |    54 ||    54
Dodge: Dodged            |    89 |   152 ||   241
